 Dungeon Crawl Stone Soup version 0.30-a0-1104-g706747fef1 (webtiles) character file.

Game seed: 1904851192337086185

44 KristoblXynda the Chopper (level 3, -3/37 HPs)
             Began as an Ogre Gladiator on Apr 19, 2023.
             Slain by a gnoll
             ... wielding a +1 heavy halberd
              (21 damage)
             ... on level 2 of the Dungeon.
             The game lasted 00:01:09 (1468 turns).

KristoblXynda the Chopper (Ogre Gladiator)          Turns: 1468, Time: 00:01:09

Health: -3/37      AC:  3    Str: 18    XL:     3   Next: 60%
Magic:  3/3        EV: 10    Int: 11    God:
Gold:   138        SH:  0    Dex: 10    Spells: 2/2 levels left

rFire   . . .      SeeInvis .    a - +0 war axe
rCold   . . .      Faith    .    (no shield)
rNeg    . . .      Spirit   .    b - +0 robe
rPois   .          Reflect  .    c - +0 hat
rElec   .          Rampage  .    (no cloak)
rCorr   .                        (gloves unavailable)
Will    .....                    (boots unavailable)
Stlth   +                        (no amulet)
HPRegen 0.26/turn                (no ring)
MPRegen 0.08/turn                (no ring)

@: no status effects
A: large, unfitting armour, tough skin 1
a: no special abilities


You were on level 2 of the Dungeon.
You visited 1 branch of the dungeon, and saw 2 of its levels.

You collected 138 gold pieces.

Inventory:

Hand Weapons
 a - a +0 war axe (weapon)
Missiles
 d - 5 throwing nets (quivered)
 e - a large rock
Armour
 b - a +0 robe (worn)
 c - a +0 hat (worn)
Scrolls
 f - 2 scrolls of enchant armour {unknown}
 g - 5 scrolls of identify {unknown}
 i - 2 scrolls of magic mapping {unknown}
 j - 2 scrolls of teleportation {unknown}
 k - a scroll of vulnerability {unknown}
 l - a scroll of poison {unknown}
 n - a scroll of noise {unknown}
 o - a scroll of blinking {unknown}
Potions
 h - a potion of heal wounds {unknown}
 m - a potion of lignification {unknown}
 p - 2 potions of curing {unknown}
 q - 2 potions of mutation {unknown}


   Skills:
 + Level 3.4 Fighting
 * Level 3.8 Axes
 - Level 2.0 Throwing
 + Level 3.1 Dodging


You had 2 spell levels left.
You didn't know any spells.
Your spell library contained the following spells:

 Spells                   Type           Power      Damage    Failure   Level
 Kiss of Death            Conj/Necr      0%         2d5       34%         1
 Confusing Touch          Hex            0%         N/A       71%         3
 Dispel Undead            Necr           0%         3d6       98%         4


Dungeon Overview and Level Annotations

Branches:
Dungeon (2/15)

Altars:


Innate Abilities, Weirdness & Mutations

You are too large for most types of armour.
You have tough skin. (AC +1)


Message History

No target in view!
No target in view!
No target in view!
You see here a rat corpse.
Found a scale mail.
You see here a +0 scale mail.
A gnoll comes into view. It is wielding a +1 heavy halberd.
The gnoll shouts!
You hear a shout! x2
A gnoll comes into view. It is wielding a +0 flail.
A gnoll comes into view. It is wielding a +0 whip.
The gnoll shouts!
The gnoll hits you with a +1 heavy halberd!
A gnoll comes into view. It is wielding a +0 club.
You barely miss the gnoll. The gnoll closely misses you.
You slash the gnoll! You punch the gnoll.
The gnoll is almost dead.
You barely miss the gnoll.
The gnoll is almost dead.
The gnoll hits you with a +1 heavy halberd!
You are too injured to fight recklessly!
You are too injured to fight recklessly!
You are too injured to fight recklessly!
You are too injured to fight recklessly!
You are too injured to fight recklessly!
You are too injured to fight recklessly!
You are too injured to fight recklessly!
You are too injured to fight recklessly!
You are too injured to fight recklessly!
You are too injured to fight recklessly!
You are too injured to fight recklessly!
You are too injured to fight recklessly!
You are too injured to fight recklessly!
You are too injured to fight recklessly!
You are too injured to fight recklessly!
Unknown command.
You hit the gnoll but do no damage.
The gnoll is almost dead.
The gnoll hits you with a +1 heavy halberd!!
Ouch! That really hurt!
You die...

..........##
#.############..#
#.#..........#..#
#.#..##.####.#..#
#g#..##.# #.#..##
#g#..##.# #.#....
#g#..##.# #.#..#.
#g#..##.####.#..#.
#@#..##.##...#..#.
#.##.##.##.###..#.
#.##.##.##.# #..#.
#.##.##.##.###..#.
#.##.##.........#.
#.##.#####.###.##.
#.##...#.......##.
#.####.#.#........
#.# #.#.########.


You could see 4 gnolls.

Vanquished Creatures
  3 endoplasms
  2 giant cockroaches (D:1)
  5 goblins
  A hobgoblin (D:2)
  7 jackals (D:1)
  2 quokkas (D:1)
  7 ball pythons
  3 bats
  2 frilled lizards (D:1)
  7 kobolds
  2 rats
41 creatures vanquished.

Notes
Turn   | Place    | Note
-------+----------+-------------------------------------------
     0 | D:1      | KristoblXynda the Ogre Gladiator began the quest for the
                  | Orb.
     0 | D:1      | Reached XP level 1. HP: 22/22 MP: 1/1
   105 | D:1      | Reached XP level 2. HP: 29/29 MP: 2/2
   461 | D:1      | Reached XP level 3. HP: 37/37 MP: 3/3
  1468 | D:2      | Slain by a gnoll

Illustrated notes

Levels and vault maps discovered:
D:1:      minmay_arrival_shattered_statue, layout_loops_ring
D:2:      layout_basic, uniq_sigmund

Skill      XL: |  1  2 |
---------------+-------+-----
Fighting       | 3 |  3.4
Dodging        | 3 |  3.1
Axes           | |  3.8
Throwing       | |  2.0

Action                     || total
---------------------------++-------
  Melee: War axe           ||   111
         Punch             ||     3
 Armour: Robe              ||    40
  Dodge: Dodged            ||    70

Table legend: (Time is in decaauts)
 A = Elapsed time spent in this place.
 B = Non-inter-level travel time spent in this place.
 C = Inter-level travel time spent in this place.
 D = Time resting spent in this place.
 E = Time spent auto-exploring this place.
 F = Levels seen in this place.
 G = Mean time per level.
                   A        B        C        D        E       F      G
               +--------+--------+--------+--------+--------+-----+--------+
         Total |   1503 |   1467 |     36 |      0 |   1189 |   2 |  751.5 |
       Dungeon |   1503 |   1467 |     36 |      0 |   1189 |   2 |  751.5 |
               +--------+--------+--------+--------+--------+-----+--------+

Top non-repeatable levels by time:
     D:1: 847 daAuts
     D:2: 656 daAuts
